 Dungeon Crawl Stone Soup version 0.21-a0-346-g330ab2c (webtiles) character file.

6 showtime the Stinger (level 1, -1/13 HPs)
             Began as a Mummy Wanderer on Oct 5, 2017.
             Slain by a hobgoblin
             ... wielding a cursed -2 club
              (3 damage)
             ... on level 1 of the Dungeon.
             The game lasted 00:01:35 (128 turns).

showtime the Stinger (Mummy Wanderer)                Turns: 128, Time: 00:01:36

Health: -1/13      AC:  3    Str: 13    XL:     1   Next: 75%
Magic:  2/2        EV: 11    Int: 12    God:
Gold:   0          SH:  0    Dex: 12    Spells: 2/2 levels left

rFire    x . .     SeeInvis .   c - +0 falchion
rCold    + . .     Gourm    .   (no shield)
rNeg     + + +     Faith    .   a - +0 leather armour
rPois    ∞         Spirit   .   (no helmet)
rElec    .         Reflect  .   (no cloak)
rCorr    .         Harm     .   (no gloves)
MR       .....                  (no boots)
Stlth    +.........             (no amulet)
HPRegen  0.04/turn              (no ring)
MPRegen  0.08/turn              (no ring)

@: no status effects
A: no food or potions, fire vulnerability, cold resistance 1, negative energy
resistance 3, torment resistance, unbreathing
a: no special abilities


You were on level 1 of the Dungeon.
You were not hungry.

You visited 1 branch of the dungeon, and saw 1 of its levels.

Inventory:

Hand Weapons
 c - a +0 falchion (weapon)
Missiles
 b - a throwing net (quivered)
Armour
 a - a +0 leather armour (worn)
Scrolls
 d - a scroll of teleportation
 e - a scroll of remove curse {unknown}


   Skills:
 + Level 1.1 Long Blades
 - Level 1.0 Dodging
 - Level 1.0 Stealth
   Level 1.0 Shields
 - Level 1.5 Unarmed Combat
 - Level 1.3 Spellcasting
   Level 1.5 Translocations
   Level 1.5 Poison Magic


You had 2 spell levels left.
You didn't know any spells.

Dungeon Overview and Level Annotations

Branches:
Dungeon (1/15)

Altars:


Innate Abilities, Weirdness & Mutations

You do not eat or drink.
Your flesh is vulnerable to fire.
You are immune to poison.
Your flesh is cold resistant. (rC+)
You are immune to negative energy. (rN+++)
You are immune to unholy pain and torment.
You can survive without breathing.


Message History

You hit the hobgoblin.
The hobgoblin is moderately wounded.
The hobgoblin hits you but does no damage.
You hit the hobgoblin but do no damage.
The hobgoblin is moderately wounded.
The hobgoblin hits you with a club.
* * * LOW HITPOINT WARNING * * *
The hobgoblin misses you.
Unknown command.
You open the door. The hobgoblin barely misses you.
You riposte.
You hit the hobgoblin but do no damage.
There is an open door here.
Unknown command.
Unknown command.
Unknown command.
Unknown command.
You barely miss the hobgoblin.
The hobgoblin is moderately wounded.
The hobgoblin hits you with a club.
You die...

.# .# #+#
#......... .#
##.## #........ .#
#...# #....... .#
#...# #...... .#
#...# #..... ##
##...## #....
#####.....#####..#
#.............##@#
.......<......gg.#
#.............####
#####.....#####
##...## #...#
#...# #...# ##.##


You could see 2 hobgoblins.

Vanquished Creatures
  2 goblins (D:1)
  2 hobgoblins (D:1)
  A rat (D:1)
5 creatures vanquished.

Notes
Turn   | Place    | Note
-------+----------+-------------------------------------------
     0 | D:1      | showtime the Mummy Wanderer began the quest for the Orb.
     0 | D:1      | showtime set off with: a +0 leather armour, 2 throwing nets, a +0 falchion, a scroll of teleportation
     0 | D:1      | Reached XP level 1. HP: 13/13 MP: 2/2
    72 | D:1      | Reached skill level 1 in Long Blades
   128 | D:1      | Slain by a hobgoblin

Vault maps used:
D:1:      evilmike_arrival_plus

Skill      XL: |  1 |
---------------+----+-----
Long Blades    | 1 |  1.1
Dodging        | |  1.0
Stealth        | |  1.0
Shields        | |  1.0
Unarmed Combat | |  1.5
Spellcasting   | |  1.3
Translocations | |  1.5
Poison Magic   | |  1.5

Action                   || total
-------------------------++-------
Melee: Falchion          ||    15
Throw: Throwing net      ||     2
Armor: Leather armour    ||     2
Dodge: Dodged            ||     5
       Rpst.: Falchion   ||     2

Table legend:
 A = Spawn XP
 B = Non-spawn XP
 C = Spawn XP percentage of total XP
 D = Spawn monster count
 E = Non-spawn monster count
 F = Spawn count percentage of total count
 G = Total turns spent on level
                    A         B        C        D         E        F      G
               +---------+---------+-------+---------+---------+-------+---------
         Total |       0 |       9 |   0.0 |       0 |       5 |   0.0 |   128
               +---------+---------+-------+---------+---------+-------+---------
           D:1 |       0 |       9 |   0.0 |       0 |       5 |   0.0 |   128
               +---------+---------+-------+---------+---------+-------+---------
